Map: Frozen Temple

Players

avilo

  • Race: Terran Terran
  • League: Grandmaster
  • Spawn Location: 11:00

SuMmErTimE - Winner!

  • Race: Protoss Protoss
  • League: Master
  • Spawn Location: 5:00

VOD

Have the link to the VOD?

Description

meeK vs avilo

Time

  • Played on: May 27, 2016, 6:29 p.m.
  • Length: 3:05
Show
View Real Time Build Order
Export as new Build Order

avilo Terran 

Build Orders: Command Center First (CC) 

Get SALT Encoding   

  12  0:00  SCV  
  13  0:13  SCV  
  14  0:17  Supply Depot  
  14  0:25  SCV  
  15  0:39  SCV  
  16  0:51  SCV  
  17  1:01  Command Center  
  17  1:06  SCV  
  18  1:15  Barracks  
  18  1:19  SCV  
  18  1:24  Refinery  
  19  1:36  Engineering Bay  
  19  1:39  SCV  
  20  1:53  SCV  
  21  1:58  Barracks  
  21  2:02  Marine  
  21  2:06  Orbital Command  
  22  2:13  Refinery  
  22  2:15  Orbital Command  
  22  2:21  Barracks Reactor  
  22  2:34  Bunker  
  22  2:36  SCV  
  23  2:47  SCV  
  23  2:48  SCV  
  25  2:51  Factory  
  25  2:56  Barracks Tech Lab  
Show
View Real Time Build Order
Export as new Build Order

SuMmErTimE Protoss - Winner!

Build Orders:  

Get SALT Encoding   

  12  0:01  Probe (Chrono Boost)  
  13  0:11  Probe (Chrono Boost)  
  14  0:17  Pylon  
  14  0:22  Probe (Chrono Boost)  
  15  0:36  Probe (Chrono Boost)  
  15  0:38  Gateway  
  16  0:47  Assimilator  
  16  0:52  Pylon  
  16  0:55  Probe (Chrono Boost)  
  17  1:06  Probe (Chrono Boost)  
  18  1:11  Gateway  
  18  1:21  Gateway  
  18  1:37  Probe (Chrono Boost)  
  18  1:38  Cybernetics Core  
  19  1:47  Probe (Chrono Boost)  
  20  1:55  Assimilator  
  20  2:07  Probe (Chrono Boost)  
  25  2:17  Stalker (Chrono Boost)  
  25  2:18  Stalker x2 (Chrono Boost)  
  25  2:21  Probe  
  28  2:28  Pylon  
Tags
 
Add a new tag
Caveats
  • Supply blocks, unpowered buildings, or Contaminate may cause inaccurate times.
  • Supply counts are checked every 10 seconds.